 Dungeon Crawl Stone Soup version 0.17-a0-2118-g63bad21 (webtiles) character file.

13 4thArraOfDagon the Chopper (level 2, 0/16 HPs)
             Began as a Vine Stalker Berserker on Oct 20, 2015.
             Was a Follower of Trog.
             Killed from afar by an orc wizard (9 damage)
             ... with a magic dart
             ... on level 4 of the Dungeon.
             The game lasted 00:00:39 (184 turns).

4thArraOfDagon the Chopper (Vine Stalker Berserker)  Turns: 184, Time: 00:00:39

Health: 0/16       AC:  4    Str: 19    XL:     2   Next: 37%
Magic:  0/3        EV: 12    Int:  7    God:    Trog [*.....]
Gold:   33         SH:  0    Dex: 13    Spells: 0 memorised, 1 level left

rFire  . . .     SeeInvis .     a - +0 hand axe
rCold  . . .     Clarity  .     b - +0 animal skin
rNeg   . . .     SustAt   .     (no shield)
rPois  .         Gourm    .     (no helmet)
rElec  .         Spirit   +     g - +0 cloak
rCorr  .         Warding  .     i - +0 pair of gloves
rMut   .         Stasis   .     (no boots)
MR     .....                    (no amulet)
Stlth  +.........               (no ring)
                                (no ring)

@: not resistant to hostile enchantments, very unstealthy
A: fangs 2, regeneration 1, magic shield, antimagic bite, no device heal 3, rot
immunity
a: Berserk, Burn Spellbooks, Renounce Religion


You were on level 4 of the Dungeon.
You worshipped Trog.
Trog was aware of your devotion.
You were not hungry.

You visited 1 branch of the dungeon, and saw 4 of its levels.

You collected 33 gold pieces.

Inventory:

Hand Weapons
 a - a +0 hand axe (weapon)
Armour
 b - a +0 animal skin (worn)
 g - a +0 cloak (worn)
 i - a +0 pair of gloves (worn)
Scrolls
 e - a scroll of enchant armour {unknown}
 f - a scroll of fear {unknown}
 h - a scroll of enchant weapon {unknown}
 k - a scroll of noise {unknown}
Potions
 j - a potion of cancellation {unknown}
Comestibles
 c - a bread ration
 d - 2 chunks of flesh


   Skills:
 + Level 2.8 Fighting
 * Level 3.0 Axes
 + Level 1.9 Armour
 - Level 1.5 Dodging


You had one spell level left.
You didn't know any spells.

Dungeon Overview and Level Annotations

Branches:
Dungeon (4/15)
 Temple: D:4-7

Altars:
Okawaru
Trog


Innate Abilities, Weirdness & Mutations

You have extremely sharp teeth.
Your natural rate of healing is unusually fast.
When hurt, damage is shared between your health and your magic reserves.
Your bite disrupts and absorbs the magic of your enemies.
Potions and wands cannot restore your health.
You are immune to rotting.


Message History

You slide downwards.
The hatch slams shut behind you.
Unknown command.
Found a stone staircase leading down.
Found a scroll labeled XIL ATOHUHOKK.
An orc wizard comes into view. It is wielding a dagger.
An orc comes into view. It is wielding a dagger.
The orc wizard shouts!
The orc picks up a scroll labeled RUMNAI LIRYDI.
An orc wizard comes into view. It is wielding a dagger.
The orc wizard shouts!
The orc shouts!
The orc wizard gestures wildly while chanting.
The orc wizard blinks!
You see here a scroll labeled XIL ATOHUHOKK.
k - a scroll labeled XIL ATOHUHOKK The orc wizard gestures at you while chanting.
The puff of frost hits you! The orc wizard barely misses you.
The orc wizard points at you and mumbles some strange words.
The magic dart hits you!
Ouch! That really hurt!
You die...

####...#.......#
#....#.....#...##
#..###...###...#
#####...#.....#..#
#.....#...###....#
#..........###...#
#..........# ....#
#...o...#..# #...#
#.....@###...###..#
#.......#..#..#...#
#.#.###...###...#.#
# #. #..o.# ## ..
#....# .. ...o# .#.
..... ....##


You could see 2 orc wizards and an orc.

Vanquished Creatures
  An adder (D:2)
  A bat (D:2)
  2 giant cockroaches
4 creatures vanquished.

Notes
Turn   | Place    | Note
--------------------------------------------------------------
     0 | D:1      | 4thArraOfDagon the Vine Stalker Berserker began the quest for the Orb.
     0 | D:1      | Reached XP level 1. HP: 11/11 MP: 2/2
    22 | D:2      | Found an iron altar of Okawaru.
    31 | D:2      | Reached skill level 3 in Axes
    31 | D:2      | Reached XP level 2. HP: 15/16 MP: 3/3
    91 | D:3      | Found a bloodstained altar of Trog.
   184 | D:4      | Killed from afar by an orc wizard

Vault maps used:
D:1:      minmay_arrival_jagged, hangedman_feature_mirror,
          hangedman_feature_mirror, nrook_mini_backslash
D:2:      okawaru_trees_1, nicolae_ru_awakened_eye, vehumet_crystals,
          grunt_decor_cap, kennysheep_pointless_box
D:3:      minmay_misc_feat_roman, roderic_cross_of_infinity,
          trog_three_pillars_becter
D:4:      kennysheep_mini_moat, serial_glass, glass_columns_c, glass_columns_a,
          serial_shops, kennysheep_mini, minmay_strange_pillars, uniq_natasha

Action                   || total
-------------------------++-------
Melee: Hand axe          ||     9
Invok: Berserk           ||     1
